 Dungeon Crawl Stone Soup version 0.30-a0-1016-gfb0d676c02 (webtiles) character file.

Game seed: 7113410159989790128

14 Maxmaps the Insei (level 2, -2/24 HPs)
             Began as a Demonspawn Monk on Apr 7, 2023.
             Slain by an adder (4 damage)
             ... on level 1 of the Dungeon.
             The game lasted 00:00:43 (1067 turns).

Maxmaps the Insei (Demonspawn Monk)                 Turns: 1067, Time: 00:00:43

Health: -2/24      AC:  2    Str: 11    XL:     2   Next: 31%
Magic:  2/2        EV: 12    Int: 11    God:
Gold:   95         SH:  0    Dex: 15    Spells: 1/1 levels left

rFire   . . .      SeeInvis .      - Unarmed
rCold   . . .      Faith    .    (no shield)
rNeg    . . .      Spirit   .    a - +0 robe
rPois   .          Reflect  .    (no helmet)
rElec   .          Rampage  .    (no cloak)
rCorr   .                        (no gloves)
Will    .....                    (no boots)
Stlth   ++                       (no amulet)
HPRegen 0.24/turn                (no ring)
MPRegen 0.08/turn                (no ring)

@: lethally poisoned (-2 -> -8)
A: demonic magic 1
a: no special abilities


You were on level 1 of the Dungeon.
You visited 1 branch of the dungeon, and saw 2 of its levels.

You collected 95 gold pieces.

Inventory:

Missiles
 g - 2 throwing nets (quivered)
Armour
 a - a +0 robe (worn)
Scrolls
 d - a scroll of noise {unknown}
 e - a scroll of identify {unknown}
 f - a scroll of teleportation {unknown}
 i - a scroll of fog {unknown}
Potions
 b - a potion of ambrosia
 c - 2 potions of might {unknown}
 h - 2 potions of degeneration {unknown}
 j - a potion of mutation {unknown}
 k - a potion of heal wounds {unknown}


   Skills:
 - Level 3.0 Fighting
 - Level 2.6 Dodging
 - Level 1.7 Stealth
 + Level 3.4 Unarmed Combat


You had one spell level left.
You didn't know any spells.
Your spell library contained the following spells:

 Spells                   Type           Power      Damage    Failure   Level
 Sublimation of Blood     Necr           0%         N/A       47%         2
 Gell's Gravitas          Tloc           0%         N/A       71%         3
 Teleport Other           Tloc           0%         N/A       71%         3
 Petrify                  Tmut/Erth      0%         N/A       98%         4
 Irradiate                Conj/Tmut      0%         3d11      100%        5
 Dispersal                Tloc           0%         N/A       100%        6


Dungeon Overview and Level Annotations

Branches:
Dungeon (2/15)

Altars:

Annotations:
D:1 Jessica


Innate Abilities, Weirdness & Mutations

Spells you cast may paralyse adjacent enemies.


Message History

There is a stone staircase leading up here.
Found a stone staircase leading down.
Jessica the Apprentice Sorceress comes into view.
She is wielding a +0 club.
Found 3 gold pieces.
Jessica shouts!
A kobold comes into view. It is wielding a +0 short sword.
An adder comes into view.
There are monsters nearby!
A worm comes into view.
The kobold shouts!
You hear an angry hiss.
A goblin comes into view. It is wielding a +0 club.
Jessica shouts, "I don't like beings like you!"
Jessica hits you with a +0 club. Jessica attacks as you move away!
Jessica misses you. The adder attacks as you move away! The adder bites you.
Jessica mumbles some strange words.
Jessica blinks!
The adder closely misses you.
There is a stone staircase leading up here.
The adder bites you but does no damage. Jessica hits you with a +0 club.
You climb upwards.
There is a stone staircase leading down here.
Jessica casts a spell at you. You resist with some effort.
The adder attacks as you move away! The adder bites you but does no damage.
The adder bites you.
You are poisoned.
The adder poisons you! Jessica hits you with a +0 club.
You feel sick.
Jessica casts a spell.
Jessica seems to speed up.
There is an open door here.
The adder attacks as you move away! The adder bites you.
* * * LOW HITPOINT WARNING * * *
You are lethally poisoned!
The adder poisons you!
* * * LOW HITPOINT WARNING * * *
You feel very sick.
* * * LOW HITPOINT WARNING * * *
You feel sick. The adder bites you.
You die...

#.# #.....#.#.###
#.###.......#.#
#........####.# #####.####
##+## ########.# ##...##
#........# ##.....## #
##.####.#.# ##......^## ##
#.........###.........####.
#..##.....@S@..>......'....
#..##.....###.........###..
#..##.....# ##.......## #.#
#..##.....# ##.....## #.#
#.........# ##...## #.#
#.#####.#.# ##'## #..
#.........# #.# ###
#######.### #.# ####### #.#
##.###......


You could see an adder and Jessica (fast).

Vanquished Creatures
  A dart slug (D:1)
  A ball python (D:1)
  4 hobgoblins (D:1)
  2 quokkas (D:1)
  A bat (D:1)
  A kobold (D:1)
  A rat (D:1)
11 creatures vanquished.

Notes
Turn   | Place    | Note
-------+----------+-------------------------------------------
     0 | D:1      | Maxmaps the Demonspawn Monk began the quest for the Orb.
     0 | D:1      | Reached XP level 1. HP: 18/18 MP: 1/1
   355 | D:1      | Gained mutation: Spells you cast may paralyse adjacent
                  | enemies. [demonic ancestry]
   355 | D:1      | Reached XP level 2. HP: 17/24 MP: 2/2
  1048 | D:2      | Noticed Jessica
  1067 | D:1      | Slain by an adder

Illustrated notes

Levels and vault maps discovered:
D:1:      scummos_arrival_gate, layout_loops_corners
D:2:      layout_rooms, basic_altar, uniq_jessica

Skill      XL: |  1 |
---------------+----+-----
Unarmed Combat | 3 |  3.4
Fighting       | |  3.0
Dodging        | |  2.6
Stealth        | |  1.7

Action                     || total
---------------------------++-------
  Melee: Unarmed           ||    46
         Punch             ||     1
   Stab: Sleeping          ||     2
 Armour: Robe              ||     6
  Dodge: Dodged            ||    19

Table legend: (Time is in decaauts)
 A = Elapsed time spent in this place.
 B = Non-inter-level travel time spent in this place.
 C = Inter-level travel time spent in this place.
 D = Time resting spent in this place.
 E = Time spent auto-exploring this place.
 F = Levels seen in this place.
 G = Mean time per level.
                   A        B        C        D        E       F      G
               +--------+--------+--------+--------+--------+-----+--------+
         Total |   1065 |   1062 |      3 |      0 |    942 |   2 |  532.5 |
       Dungeon |   1065 |   1062 |      3 |      0 |    942 |   2 |  532.5 |
               +--------+--------+--------+--------+--------+-----+--------+

Top non-repeatable levels by time:
     D:1: 1046 daAuts
     D:2: 18 daAuts
